Pick #1

Connor Bedard
Pick #2

Leo Carlsson
Pick #3

Adam Fantilli
Pick #4

Matvei Michkov
Pick #5

David Reinbacher
Pick #6

William Smith
Pick #7

Zachary Benson
Pick #8

Ryan Leonard
Pick #9

Gabriel Perreault
Pick #10

Axel Sandin-Pellika
Pick #11

Daniil But
Pick #12

Dalibor Dvorsky
Pick #13

Quentin Musty
Pick #14

Brayden Yager
Pick #15

Dmitry Simashev
Pick #16

Colby Barlow
Pick #17

Andrew Cristall
Pick #18

Easton Cowan
Pick #19

Jacob Fowler
Pick #20

Oliver Moore
Pick #21

Oliver Bonk
Pick #22

Tom Willander
Pick #23

Calum Ritchie
Pick #24

Tanner Molendyk
Pick #25

Gavin Brindley
Pick #26

Nate Danielson
Pick #27

Pick #28

Pick #29

Pick #30

Pick #31

Pick #32

Pick #33

Pick #34

Pick #35

Pick #36

Pick #37

Pick #38

Pick #39

Pick #40

Pick #41

Pick #42

Pick #43

Pick #44

Pick #45

Pick #46

Pick #47

Pick #48

Pick #49

Pick #50

Pick #51

Pick #52

Pick #53

Pick #54

Pick #55

Pick #56

Pick #57

Pick #58

Pick #59

Pick #60

Pick #61

Pick #62

Pick #63

Pick #64

Pick #65

Pick #66

Pick #67

Pick #68

Pick #69

Pick #70

Pick #71

Pick #72

Pick #73

Pick #74

Pick #75

Pick #76

Pick #77

Pick #78

Pick #79

Pick #80

Pick #81

Pick #82

Pick #83

Pick #84

Pick #85

Pick #86

Pick #87

Pick #88

Pick #89

Pick #90

Pick #91

Pick #92

Pick #93

Pick #94

Pick #95

Pick #96

Pick #97

Pick #98

Pick #99

Pick #100

Pick #101

Pick #102

Pick #103

Pick #104

Pick #105

Pick #106

Pick #107

Pick #108

Pick #109

Pick #110

Pick #111

Pick #112

Pick #113

Pick #114

Pick #115

Pick #116

Pick #117

Pick #118

Pick #119

Pick #120

Pick #121

Pick #122

Pick #123

Pick #124

Pick #125

Pick #126

Pick #127

Pick #128

Pick #129

Pick #130

Full Scoreboard »»

Panthers vs Bruins

Created - February 29, 2024 at 22:09

Goals
1 2 3 T
Panthers 0 0 1 1
Bruins 0 2 3 5
Shots
1 2 3 T
Panthers 11 7 14 32
Bruins 5 10 11 26

GoalsPenalties
1st period
No Goal
Brady Skjei (BOS) for Hooking (Minor) at 15:12
2nd period
1. Bruins , Anze Kopitar 33 (Cam Fowler 34, Trevor Zegras 33) at 0:17
2. Bruins , T.J. Brodie 8 (Alex Iafallo 15, Brett Pesce 25) at 3:07
Brett Pesce (BOS) for High sticking (Minor) at 10:18
Andrei Svechnikov (FLA) for Holding (Minor) at 17:14
3rd period
3. Bruins , Bryan Rust 27 (Trevor Zegras 34, Tyler Bertuzzi 20) at 0:55 (PP)
4. Bruins , Anze Kopitar 34 (Trevor Zegras 35) at 11:10
5. Panthers , Andrei Svechnikov 14 (Charlie McAvoy 43, Aleksander Barkov 38) at 12:16 (PP)
6. Bruins , Yegor Sharangovich 13 (Brett Pesce 26, Tom Wilson 23) at 13:05
Andrei Svechnikov (FLA) for Interference (Minor) at 0:21
T.J. Brodie (BOS) for Roughing (Minor) at 2:10
T.J. Brodie (BOS) for Hooking (Minor) at 11:56
Goalie Stats
Alexandar Georgiev (FLA), 21 saves from 26 shots - (0.808), L, 40-13-4, 60:00 minutes
Jake Oettinger (BOS), 31 saves from 32 shots - (0.969), W, 29-12-8, 60:00 minutes
3 StarsOfficial
1 - Anze Kopitar (BOS)
2 - Trevor Zegras (BOS)
3 - Brett Pesce (BOS)
Referees : Kelly Sutherland and Ian Walsh
Linesman : Luke Galvin and Brendan Lewis
Game Note
No Game Note
Finance
Level 1 -- Attendance: 5615 (93.58%) -- Ticket Income $662,570
Level 2 -- Attendance: 5000 (100.00%) -- Ticket Income $375,000
Level 3 -- Attendance: 3287 (93.91%) -- Ticket Income $157,776
Level 4 -- Attendance: 2941 (92.48%) -- Ticket Income $88,230
Luxury Box -- Attendance: 900 (90.00%) -- Ticket Income $189,900
Game was played at the TD Garden.
Total Attendance: 17743 (94.98%)
Total Ticket Income: $1,473,476
Other Income: $368,369
Total Income: $1,841,845



Team Name Goals Shots Shots Attemp Shots Blocked PIM HIT PP PK FO%
Panthers 1325484201 / 4 (25%)143%
Bruins 5265058171 / 2 (50%)157%

Panthers
Player Name POS G A P +/- PIM HIT SHT SB MP PP MP PP SHT PK MP PK SHT FO% FOT
Aleksander BarkovC0110005022:243:3000:00045% 29
Andrei SvechnikovRW1010442022:223:3010:00050% 2
Brady TkachukLW000-4054018:152:4710:040100% 1
Charlie McAvoyD011-1022223:323:1411:3500% 0
Frederick GaudreauC000001107:070:0001:50057% 7
Jack HughesC000-4003018:152:4710:0400% 1
Jake SandersonD000-3010019:350:0000:5800% 0
Jamie BennLW0000002011:350:0000:0000% 0
Matthew TkachukLW0000004022:243:3010:0000% 0
Michael McLeodC000001005:560:0000:390100% 1
Mikael BacklundC0000013113:250:0001:50050% 16
Mike MathesonD0000000216:533:0300:0000% 0
Oliver Ekman-LarssonD0000010013:500:0000:0000% 0
Owen PowerD000-3031022:383:0310:5800% 0
Quinn HughesD000-1011223:323:1401:3500% 0
Reilly SmithRW0000001112:140:0000:3900% 0
Robby FabbriC000000005:170:0000:0000% 0
Roope HintzC000-4003018:112:4710:00030% 30
Bruins
Player Name POS G A P +/- PIM HIT SHT SB MP PP MP PP SHT PK MP PK SHT FO% FOT
Alex IafalloLW0111000013:430:0003:36050% 2
Anze KopitarC2022015019:291:2300:00076% 25
Brady SkjeiD0001200021:021:1001:5500% 0
Brett PesceD0223240120:430:0002:2500% 0
Bryan RustRW1012022019:161:1010:0000% 2
Cam FowlerD0111012025:151:1003:2700% 0
Charlie CoyleC0001001119:340:0003:36056% 27
Dmitry KulikovD0000010112:130:0000:0000% 0
Kailer YamamotoRW000001106:590:0000:000100% 1
Mark GiordanoD0000001019:021:2302:4600% 0
Nick PaulLW000000109:400:0002:410100% 4
Nicolas RoyC0001002012:480:0002:41129% 17
T.J. BrodieD1013402221:411:2302:0100% 0
Tom WilsonRW0111042017:211:2310:000100% 1
Trevor ZegrasC0332012019:161:1000:00057% 7
Tyler BertuzziLW0111012011:171:1010:0000% 0
Yegor SharangovichC1011003017:211:2300:0000% 0
Zach PariseLW000001006:590:0000:0000% 1



Play-by-Play

1st period


0:01 of 1st period - Anze Kopitar wins face-off versus Aleksander Barkov in neutral zone.
0:41 of 1st period - Aleksander Barkov is hit by Cam Fowler and loses puck.
1:29 of 1st period - Shot by Tom Wilson.
1:29 of 1st period - Stopped by Alexandar Georgiev without a rebound.
1:30 of 1st period - Mikael Backlund wins face-off versus Nicolas Roy in Panthers zone.
1:49 of 1st period - Shot by Mikael Backlund.
1:49 of 1st period - Shot Misses the Net.
1:51 of 1st period - Shot by Mike Matheson.
1:51 of 1st period - Shot Misses the Net.
1:53 of 1st period - Shot by Mikael Backlund.
1:53 of 1st period - Stopped by Jake Oettinger without a rebound.
1:54 of 1st period - Nick Paul wins face-off versus Frederick Gaudreau in Bruins zone.
1:54 of 1st period - Brett Pesce is hit by Michael McLeod and loses puck.
2:03 of 1st period - Shot by Kailer Yamamoto.
2:03 of 1st period - Stopped by Alexandar Georgiev with a rebound.
2:05 of 1st period - Shot by Zach Parise.
2:05 of 1st period - Shot Misses the Net.
2:07 of 1st period - Shot by T.J. Brodie.
2:07 of 1st period - Stopped by Alexandar Georgiev without a rebound.
2:08 of 1st period - Mikael Backlund wins face-off versus Charlie Coyle in Panthers zone.
2:29 of 1st period - Owen Power is hit by Tom Wilson and loses puck.
3:17 of 1st period - T.J. Brodie is hit by Andrei Svechnikov and loses puck.
3:27 of 1st period - Alex Iafallo is hit by Quinn Hughes.
4:04 of 1st period - Icing by Quinn Hughes.
4:05 of 1st period - Andrei Svechnikov wins face-off versus Trevor Zegras in Panthers zone.
4:20 of 1st period - Shot by Bryan Rust.
4:20 of 1st period - Stopped by Alexandar Georgiev without a rebound.
4:21 of 1st period - Nick Paul wins face-off versus Roope Hintz in Panthers zone.
4:25 of 1st period - Icing by Oliver Ekman-Larsson.
4:26 of 1st period - Anze Kopitar wins face-off versus Roope Hintz in Panthers zone.
4:51 of 1st period - Oliver Ekman-Larsson is hit by Bryan Rust and loses puck.
5:29 of 1st period - Michael McLeod is hit by Dmitry Kulikov and loses puck.
5:38 of 1st period - Shot by Frederick Gaudreau.
5:38 of 1st period - Shot Misses the Net.
5:40 of 1st period - Shot by Frederick Gaudreau.
5:40 of 1st period - Stopped by Jake Oettinger with a rebound.
6:01 of 1st period - Icing by Owen Power.
6:02 of 1st period - Frederick Gaudreau wins face-off versus Charlie Coyle in Panthers zone.
6:02 of 1st period - Michael McLeod is hit by Tom Wilson and loses puck.
6:13 of 1st period - Shot by Tom Wilson.
6:13 of 1st period - Shot Misses the Net.
7:01 of 1st period - Shot by Andrei Svechnikov.
7:01 of 1st period - Shot Misses the Net.
7:03 of 1st period - Shot by Charlie McAvoy.
7:03 of 1st period - Shot Misses the Net.
7:05 of 1st period - Shot by Andrei Svechnikov.
7:05 of 1st period - Shot Blocked by T.J. Brodie.
7:07 of 1st period - Shot by Charlie McAvoy.
7:07 of 1st period - Stopped by Jake Oettinger without a rebound.
7:08 of 1st period - Roope Hintz wins face-off versus Nicolas Roy in Bruins zone.
7:23 of 1st period - Shot by Jack Hughes.
7:23 of 1st period - Stopped by Jake Oettinger without a rebound.
7:24 of 1st period - Mikael Backlund wins face-off versus Anze Kopitar in Bruins zone.
7:33 of 1st period - Shot by Mikael Backlund.
7:33 of 1st period - Stopped by Jake Oettinger without a rebound.
7:34 of 1st period - Aleksander Barkov wins face-off versus Nicolas Roy in Bruins zone.
8:10 of 1st period - Icing by Brady Skjei.
8:11 of 1st period - Nicolas Roy wins face-off versus Roope Hintz in Bruins zone.
8:25 of 1st period - Icing by Jake Sanderson.
8:26 of 1st period - Trevor Zegras wins face-off versus Roope Hintz in Panthers zone.
8:45 of 1st period - Shot by Jack Hughes.
8:45 of 1st period - Shot Misses the Net.
8:47 of 1st period - Shot by Roope Hintz.
8:47 of 1st period - Shot Misses the Net.
8:55 of 1st period - Shot by Brady Tkachuk.
8:55 of 1st period - Stopped by Jake Oettinger with a rebound.
10:01 of 1st period - Shot by Aleksander Barkov.
10:01 of 1st period - Shot Blocked by Brett Pesce.
10:03 of 1st period - Shot by Quinn Hughes.
10:03 of 1st period - Stopped by Jake Oettinger with a rebound.
10:05 of 1st period - Shot by Aleksander Barkov.
10:05 of 1st period - Stopped by Jake Oettinger without a rebound.
10:06 of 1st period - Nick Paul wins face-off versus Mikael Backlund in Bruins zone.
11:55 of 1st period - Icing by Quinn Hughes.
11:56 of 1st period - Anze Kopitar wins face-off versus Frederick Gaudreau in Panthers zone.
11:57 of 1st period - Shot by Bryan Rust.
11:57 of 1st period - Shot Misses the Net.
11:59 of 1st period - Shot by Mark Giordano.
11:59 of 1st period - Shot Blocked by Quinn Hughes.
12:01 of 1st period - Shot by Anze Kopitar.
12:01 of 1st period - Shot Misses the Net.
12:03 of 1st period - Shot by Trevor Zegras.
12:03 of 1st period - Deflect By Anze Kopitar.
12:03 of 1st period - Stopped by Alexandar Georgiev without a rebound.
12:04 of 1st period - Anze Kopitar wins face-off versus Aleksander Barkov in Panthers zone.
12:04 of 1st period - Bryan Rust is hit by Owen Power and loses puck.
12:55 of 1st period - Icing by Owen Power.
12:56 of 1st period - Aleksander Barkov wins face-off versus Nicolas Roy in Panthers zone.
13:35 of 1st period - Shot by Brady Tkachuk.
13:35 of 1st period - Stopped by Jake Oettinger without a rebound.
13:36 of 1st period - Charlie Coyle wins face-off versus Mikael Backlund in Bruins zone.
13:36 of 1st period - Charlie Coyle is hit by Mikael Backlund.
14:03 of 1st period - Shot by Mikael Backlund.
14:03 of 1st period - Shot Misses the Net.
14:51 of 1st period - Shot by Roope Hintz.
14:51 of 1st period - Stopped by Jake Oettinger without a rebound.
14:52 of 1st period - Nicolas Roy wins face-off versus Frederick Gaudreau in Bruins zone.
15:12 of 1st period - Minor Penalty to Brady Skjei for Hooking.
15:13 of 1st period - Aleksander Barkov wins face-off versus Charlie Coyle in Bruins zone.
16:22 of 1st period - Shot by Brady Tkachuk.
16:22 of 1st period - Stopped by Jake Oettinger without a rebound.
16:23 of 1st period - Nicolas Roy wins face-off versus Roope Hintz in Bruins zone.
16:41 of 1st period - Icing by Quinn Hughes.
16:42 of 1st period - Nicolas Roy wins face-off versus Roope Hintz in Panthers zone.
18:40 of 1st period - Shot by Brady Skjei.
18:40 of 1st period - Shot Blocked by Mike Matheson.
18:58 of 1st period - Aleksander Barkov is hit by Kailer Yamamoto and loses puck.
Goals for this period are 0 for Panthers vs 0 for Bruins.
Shots for this period are 11 for Panthers vs 5 for Bruins.

2nd period


0:01 of 2nd period - Anze Kopitar wins face-off versus Roope Hintz in neutral zone.
0:06 of 2nd period - Shot by Trevor Zegras.
0:06 of 2nd period - Stopped by Alexandar Georgiev without a rebound.
0:07 of 2nd period - Anze Kopitar wins face-off versus Roope Hintz in Panthers zone.
0:07 of 2nd period - Anze Kopitar is hit by Owen Power.
0:17 of 2nd period - Shot by Anze Kopitar.
0:17 of 2nd period - Goal by Anze Kopitar - Panthers : 0 - Bruins : 1.
0:18 of 2nd period - Aleksander Barkov wins face-off versus Nicolas Roy in neutral zone.
0:52 of 2nd period - Shot by Matthew Tkachuk.
0:52 of 2nd period - Stopped by Jake Oettinger with a rebound.
0:54 of 2nd period - Shot by Quinn Hughes.
0:54 of 2nd period - Shot Misses the Net.
1:29 of 2nd period - Icing by Bryan Rust.
1:30 of 2nd period - Mikael Backlund wins face-off versus Trevor Zegras in Bruins zone.
2:01 of 2nd period - Icing by Mike Matheson.
2:02 of 2nd period - Charlie Coyle wins face-off versus Mikael Backlund in Panthers zone.
2:03 of 2nd period - Shot by Tom Wilson.
2:03 of 2nd period - Shot Misses the Net.
2:17 of 2nd period - Shot by Charlie Coyle.
2:17 of 2nd period - Shot Misses the Net.
2:19 of 2nd period - Shot by Tom Wilson.
2:19 of 2nd period - Shot Misses the Net.
2:21 of 2nd period - Shot by Yegor Sharangovich.
2:21 of 2nd period - Stopped by Alexandar Georgiev without a rebound.
2:22 of 2nd period - Nicolas Roy wins face-off versus Roope Hintz in Panthers zone.
3:05 of 2nd period - Shot by Alex Iafallo.
3:05 of 2nd period - Shot Misses the Net.
3:07 of 2nd period - Shot by T.J. Brodie.
3:07 of 2nd period - Goal by T.J. Brodie - Panthers : 0 - Bruins : 2.
3:08 of 2nd period - Charlie Coyle wins face-off versus Aleksander Barkov in neutral zone.
3:08 of 2nd period - Cam Fowler is hit by Andrei Svechnikov and loses puck.
3:13 of 2nd period - Matthew Tkachuk is hit by Tom Wilson and loses puck.
3:20 of 2nd period - Shot by Cam Fowler.
3:20 of 2nd period - Stopped by Alexandar Georgiev without a rebound.
3:21 of 2nd period - Anze Kopitar wins face-off versus Mikael Backlund in Panthers zone.
3:24 of 2nd period - Shot by Anze Kopitar.
3:24 of 2nd period - Shot Blocked by Reilly Smith.
3:42 of 2nd period - Shot by Mark Giordano.
3:42 of 2nd period - Stopped by Alexandar Georgiev with a rebound.
3:47 of 2nd period - Anze Kopitar is hit by Oliver Ekman-Larsson and loses puck.
3:50 of 2nd period - Shot by Bryan Rust.
3:50 of 2nd period - Shot Misses the Net.
4:24 of 2nd period - Owen Power is hit by Bryan Rust.
5:14 of 2nd period - Shot by Brady Tkachuk.
5:14 of 2nd period - Stopped by Jake Oettinger without a rebound.
5:15 of 2nd period - Frederick Gaudreau wins face-off versus Nicolas Roy in Bruins zone.
6:23 of 2nd period - Shot by Charlie Coyle.
6:23 of 2nd period - Stopped by Alexandar Georgiev with a rebound.
7:03 of 2nd period - Shot by Brady Skjei.
7:03 of 2nd period - Shot Misses the Net.
7:48 of 2nd period - Shot by Nick Paul.
7:48 of 2nd period - Stopped by Alexandar Georgiev without a rebound.
7:49 of 2nd period - Mikael Backlund wins face-off versus Anze Kopitar in Panthers zone.
7:49 of 2nd period - Mikael Backlund is hit by Trevor Zegras.
7:55 of 2nd period - Mikael Backlund is hit by Anze Kopitar.
8:20 of 2nd period - Off-side.
8:21 of 2nd period - Charlie Coyle wins face-off versus Jack Hughes in neutral zone.
8:50 of 2nd period - Shot by Roope Hintz.
8:50 of 2nd period - Shot Blocked by Charlie Coyle.
10:05 of 2nd period - Anze Kopitar is hit by Charlie McAvoy and loses puck.
10:11 of 2nd period - Charlie McAvoy is hit by Brett Pesce and loses puck.
10:17 of 2nd period - Mikael Backlund is hit by Brett Pesce and loses puck.
10:18 of 2nd period - Minor Penalty to Brett Pesce for High sticking.
10:19 of 2nd period - Charlie Coyle wins face-off versus Roope Hintz in Bruins zone.
10:32 of 2nd period - Shot by Roope Hintz.
10:32 of 2nd period - Stopped by Jake Oettinger without a rebound.
10:33 of 2nd period - Roope Hintz wins face-off versus Charlie Coyle in Bruins zone.
11:01 of 2nd period - Shot by Nicolas Roy.
11:01 of 2nd period - Stopped by Alexandar Georgiev without a rebound.
11:02 of 2nd period - Alex Iafallo wins face-off versus Aleksander Barkov in Panthers zone.
12:50 of 2nd period - Off-side.
12:51 of 2nd period - Kailer Yamamoto wins face-off versus Roope Hintz in neutral zone.
13:58 of 2nd period - Icing by Oliver Ekman-Larsson.
13:59 of 2nd period - Frederick Gaudreau wins face-off versus Charlie Coyle in Panthers zone.
14:04 of 2nd period - T.J. Brodie is hit by Frederick Gaudreau and loses puck.
14:19 of 2nd period - Shot by Yegor Sharangovich.
14:19 of 2nd period - Shot Misses the Net.
14:44 of 2nd period - Icing by Brett Pesce.
14:45 of 2nd period - Aleksander Barkov wins face-off versus Charlie Coyle in Bruins zone.
15:10 of 2nd period - Icing by Mark Giordano.
15:11 of 2nd period - Anze Kopitar wins face-off versus Roope Hintz in Bruins zone.
15:11 of 2nd period - Trevor Zegras is hit by Brady Tkachuk and loses puck.
15:24 of 2nd period - Off-side.
15:25 of 2nd period - Aleksander Barkov wins face-off versus Nicolas Roy in neutral zone.
16:01 of 2nd period - Alex Iafallo is hit by Charlie McAvoy and loses puck.
16:06 of 2nd period - Shot by Nicolas Roy.
16:06 of 2nd period - Shot Misses the Net.
16:08 of 2nd period - Shot by Nicolas Roy.
16:08 of 2nd period - Stopped by Alexandar Georgiev without a rebound.
16:09 of 2nd period - Anze Kopitar wins face-off versus Roope Hintz in Panthers zone.
16:24 of 2nd period - Shot by Roope Hintz.
16:24 of 2nd period - Stopped by Jake Oettinger without a rebound.
16:25 of 2nd period - Charlie Coyle wins face-off versus Mikael Backlund in Bruins zone.
16:51 of 2nd period - Shot by Jamie Benn.
16:51 of 2nd period - Stopped by Jake Oettinger without a rebound.
16:52 of 2nd period - Anze Kopitar wins face-off versus Aleksander Barkov in Bruins zone.
17:07 of 2nd period - Shot by Aleksander Barkov.
17:07 of 2nd period - Stopped by Jake Oettinger without a rebound.
17:08 of 2nd period - Brady Tkachuk wins face-off versus Nicolas Roy in Bruins zone.
17:11 of 2nd period - Shot by Jack Hughes.
17:11 of 2nd period - Stopped by Jake Oettinger without a rebound.
17:12 of 2nd period - Anze Kopitar wins face-off versus Aleksander Barkov in Bruins zone.
17:14 of 2nd period - Minor Penalty to Andrei Svechnikov for Holding.
17:15 of 2nd period - Trevor Zegras wins face-off versus Mikael Backlund in Panthers zone.
18:24 of 2nd period - Icing by T.J. Brodie.
18:25 of 2nd period - Michael McLeod wins face-off versus Anze Kopitar in Bruins zone.
19:23 of 2nd period - Shot by Andrei Svechnikov.
19:23 of 2nd period - Shot Misses the Net.
19:50 of 2nd period - Off-side.
19:51 of 2nd period - Roope Hintz wins face-off versus Nicolas Roy in neutral zone.
Goals for this period are 0 for Panthers vs 2 for Bruins.
Shots for this period are 7 for Panthers vs 10 for Bruins.

3rd period


0:01 of 3rd period - Aleksander Barkov wins face-off versus Bryan Rust in neutral zone.
0:10 of 3rd period - Shot by Aleksander Barkov.
0:10 of 3rd period - Stopped by Jake Oettinger without a rebound.
0:11 of 3rd period - Roope Hintz wins face-off versus Charlie Coyle in Bruins zone.
0:15 of 3rd period - Icing by Brett Pesce.
0:16 of 3rd period - Charlie Coyle wins face-off versus Aleksander Barkov in Bruins zone.
0:16 of 3rd period - Charlie Coyle is hit by Andrei Svechnikov.
0:21 of 3rd period - Minor Penalty to Andrei Svechnikov for Interference.
0:22 of 3rd period - Mikael Backlund wins face-off versus Trevor Zegras in Panthers zone.
0:35 of 3rd period - Shot by Tyler Bertuzzi.
0:35 of 3rd period - Stopped by Alexandar Georgiev without a rebound.
0:36 of 3rd period - Mikael Backlund wins face-off versus Anze Kopitar in Panthers zone.
0:49 of 3rd period - Shot by Tom Wilson.
0:49 of 3rd period - Stopped by Alexandar Georgiev without a rebound.
0:50 of 3rd period - Trevor Zegras wins face-off versus Mikael Backlund in Panthers zone.
0:55 of 3rd period - Shot by Bryan Rust.
0:55 of 3rd period - Goal by Bryan Rust - Panthers : 0 - Bruins : 3.
0:56 of 3rd period - Anze Kopitar wins face-off versus Aleksander Barkov in neutral zone.
1:08 of 3rd period - Shot by Matthew Tkachuk.
1:08 of 3rd period - Shot Misses the Net.
1:31 of 3rd period - Icing by Bryan Rust.
1:32 of 3rd period - Anze Kopitar wins face-off versus Roope Hintz in Bruins zone.
2:10 of 3rd period - Minor Penalty to T.J. Brodie for Roughing.
2:11 of 3rd period - Aleksander Barkov wins face-off versus Charlie Coyle in Bruins zone.
2:42 of 3rd period - Shot by Andrei Svechnikov.
2:42 of 3rd period - Deflect By Matthew Tkachuk.
2:42 of 3rd period - Stopped by Jake Oettinger without a rebound.
2:43 of 3rd period - Roope Hintz wins face-off versus Charlie Coyle in Bruins zone.
2:44 of 3rd period - Shot by Brady Tkachuk.
2:44 of 3rd period - Shot Misses the Net.
2:52 of 3rd period - Shot by Charlie McAvoy.
2:52 of 3rd period - Shot Misses the Net.
2:54 of 3rd period - Shot by Quinn Hughes.
2:54 of 3rd period - Shot Misses the Net.
2:56 of 3rd period - Shot by Jack Hughes.
2:56 of 3rd period - Stopped by Jake Oettinger without a rebound.
2:57 of 3rd period - Aleksander Barkov wins face-off versus Nicolas Roy in Bruins zone.
3:18 of 3rd period - Shot by Matthew Tkachuk.
3:18 of 3rd period - Shot Misses the Net.
4:01 of 3rd period - Icing by Owen Power.
4:02 of 3rd period - Charlie Coyle wins face-off versus Roope Hintz in Panthers zone.
4:14 of 3rd period - Shot by Mikael Backlund.
4:14 of 3rd period - Stopped by Jake Oettinger with a rebound.
4:26 of 3rd period - Shot by Jamie Benn.
4:26 of 3rd period - Stopped by Jake Oettinger without a rebound.
4:27 of 3rd period - Tom Wilson wins face-off versus Roope Hintz in Bruins zone.
4:31 of 3rd period - Dmitry Kulikov is hit by Brady Tkachuk.
4:39 of 3rd period - Shot by Yegor Sharangovich.
4:39 of 3rd period - Stopped by Alexandar Georgiev without a rebound.
4:40 of 3rd period - Anze Kopitar wins face-off versus Aleksander Barkov in Panthers zone.
4:45 of 3rd period - Shot by Trevor Zegras.
4:45 of 3rd period - Stopped by Alexandar Georgiev without a rebound.
4:46 of 3rd period - Aleksander Barkov wins face-off versus Charlie Coyle in Panthers zone.
5:04 of 3rd period - Shot by Brett Pesce.
5:04 of 3rd period - Shot Blocked by Charlie McAvoy.
5:17 of 3rd period - Icing by Quinn Hughes.
5:18 of 3rd period - Anze Kopitar wins face-off versus Aleksander Barkov in Panthers zone.
5:52 of 3rd period - Anze Kopitar is hit by Brady Tkachuk.
5:59 of 3rd period - Anze Kopitar is hit by Owen Power and loses puck.
6:53 of 3rd period - Shot by Tom Wilson.
6:53 of 3rd period - Shot Blocked by Mikael Backlund.
7:21 of 3rd period - Shot by Nicolas Roy.
7:21 of 3rd period - Shot Blocked by Mike Matheson.
7:23 of 3rd period - Shot by Alex Iafallo.
7:23 of 3rd period - Deflect By Nicolas Roy.
7:23 of 3rd period - Shot Misses the Net.
7:25 of 3rd period - Shot by Tyler Bertuzzi.
7:25 of 3rd period - Stopped by Alexandar Georgiev without a rebound.
7:26 of 3rd period - Nick Paul wins face-off versus Andrei Svechnikov in Panthers zone.
7:30 of 3rd period - Icing by Quinn Hughes.
7:31 of 3rd period - Anze Kopitar wins face-off versus Aleksander Barkov in Panthers zone.
7:46 of 3rd period - Shot by Trevor Zegras.
7:46 of 3rd period - Shot Blocked by Quinn Hughes.
7:55 of 3rd period - Icing by Charlie McAvoy.
7:56 of 3rd period - Aleksander Barkov wins face-off versus Nicolas Roy in Panthers zone.
7:56 of 3rd period - Aleksander Barkov is hit by Tyler Bertuzzi.
9:23 of 3rd period - Icing by Owen Power.
9:24 of 3rd period - Roope Hintz wins face-off versus Anze Kopitar in Panthers zone.
9:57 of 3rd period - Shot by Reilly Smith.
9:57 of 3rd period - Stopped by Jake Oettinger without a rebound.
9:58 of 3rd period - Aleksander Barkov wins face-off versus Charlie Coyle in Bruins zone.
10:09 of 3rd period - Shot by Andrei Svechnikov.
10:09 of 3rd period - Stopped by Jake Oettinger without a rebound.
10:10 of 3rd period - Frederick Gaudreau wins face-off versus Zach Parise in Bruins zone.
10:26 of 3rd period - Off-side.
10:27 of 3rd period - Charlie Coyle wins face-off versus Aleksander Barkov in neutral zone.
10:58 of 3rd period - Shot by Matthew Tkachuk.
10:58 of 3rd period - Stopped by Jake Oettinger without a rebound.
10:59 of 3rd period - Trevor Zegras wins face-off versus Roope Hintz in Bruins zone.
10:59 of 3rd period - Brett Pesce is hit by Brady Tkachuk and loses puck.
11:03 of 3rd period - Icing by Brett Pesce.
11:04 of 3rd period - Anze Kopitar wins face-off versus Roope Hintz in Bruins zone.
11:04 of 3rd period - Anze Kopitar is hit by Brady Tkachuk.
11:10 of 3rd period - Shot by Anze Kopitar.
11:10 of 3rd period - Goal by Anze Kopitar - Panthers : 0 - Bruins : 4.
11:11 of 3rd period - Anze Kopitar wins face-off versus Aleksander Barkov in neutral zone.
11:24 of 3rd period - Shot by Anze Kopitar.
11:24 of 3rd period - Stopped by Alexandar Georgiev without a rebound.
11:25 of 3rd period - Charlie Coyle wins face-off versus Roope Hintz in Panthers zone.
11:56 of 3rd period - Minor Penalty to T.J. Brodie for Hooking.
11:57 of 3rd period - Charlie Coyle wins face-off versus Aleksander Barkov in Bruins zone.
12:08 of 3rd period - Shot by Owen Power.
12:08 of 3rd period - Stopped by Jake Oettinger without a rebound.
12:09 of 3rd period - Aleksander Barkov wins face-off versus Charlie Coyle in Bruins zone.
12:14 of 3rd period - Shot by Charlie McAvoy.
12:14 of 3rd period - Stopped by Jake Oettinger with a rebound.
12:16 of 3rd period - Shot by Charlie McAvoy.
12:16 of 3rd period - Deflect By Andrei Svechnikov.
12:16 of 3rd period - Goal by Andrei Svechnikov - Panthers : 1 - Bruins : 4.
12:17 of 3rd period - Roope Hintz wins face-off versus Bryan Rust in neutral zone.
12:36 of 3rd period - Shot by Anze Kopitar.
12:36 of 3rd period - Stopped by Alexandar Georgiev with a rebound.
12:45 of 3rd period - Icing by Brady Tkachuk.
12:46 of 3rd period - Charlie Coyle wins face-off versus Roope Hintz in Panthers zone.
12:46 of 3rd period - Yegor Sharangovich is hit by Jake Sanderson and loses puck.
13:05 of 3rd period - Shot by Yegor Sharangovich.
13:05 of 3rd period - Goal by Yegor Sharangovich - Panthers : 1 - Bruins : 5.
13:06 of 3rd period - Anze Kopitar wins face-off versus Aleksander Barkov in neutral zone.
13:21 of 3rd period - Shot by Cam Fowler.
13:21 of 3rd period - Stopped by Alexandar Georgiev without a rebound.
13:22 of 3rd period - Charlie Coyle wins face-off versus Mikael Backlund in Panthers zone.
13:56 of 3rd period - Jamie Benn is hit by Tom Wilson and loses puck.
14:03 of 3rd period - Shot by Mikael Backlund.
14:03 of 3rd period - Shot Blocked by T.J. Brodie.
14:05 of 3rd period - Shot by Oliver Ekman-Larsson.
14:05 of 3rd period - Shot Misses the Net.
14:07 of 3rd period - Shot by Mikael Backlund.
14:07 of 3rd period - Shot Misses the Net.
14:14 of 3rd period - Icing by T.J. Brodie.
14:15 of 3rd period - Charlie Coyle wins face-off versus Aleksander Barkov in Bruins zone.
14:15 of 3rd period - Charlie Coyle is hit by Andrei Svechnikov.
14:43 of 3rd period - Shot by Aleksander Barkov.
14:43 of 3rd period - Stopped by Jake Oettinger without a rebound.
14:44 of 3rd period - Roope Hintz wins face-off versus Alex Iafallo in Bruins zone.
15:08 of 3rd period - Icing by Quinn Hughes.
15:09 of 3rd period - Roope Hintz wins face-off versus Anze Kopitar in Panthers zone.
16:11 of 3rd period - Shot by Aleksander Barkov.
16:11 of 3rd period - Deflect By Matthew Tkachuk.
16:11 of 3rd period - Stopped by Jake Oettinger with a rebound.
16:43 of 3rd period - Off-side.
16:44 of 3rd period - Mikael Backlund wins face-off versus Nicolas Roy in neutral zone.
16:48 of 3rd period - Oliver Ekman-Larsson is hit by Brett Pesce and loses puck.
17:18 of 3rd period - Oliver Ekman-Larsson is hit by Brett Pesce and loses puck.
17:31 of 3rd period - Off-side.
17:32 of 3rd period - Charlie Coyle wins face-off versus Roope Hintz in neutral zone.
17:51 of 3rd period - Shot by Roope Hintz.
17:51 of 3rd period - Shot Blocked by Dmitry Kulikov.
18:13 of 3rd period - Shot by Tom Wilson.
18:13 of 3rd period - Shot Misses the Net.
18:15 of 3rd period - Shot by Tom Wilson.
18:15 of 3rd period - Shot Misses the Net.
18:17 of 3rd period - Shot by Dmitry Kulikov.
18:17 of 3rd period - Shot Blocked by Charlie McAvoy.
18:39 of 3rd period - Shot by Nick Paul.
18:39 of 3rd period - Shot Misses the Net.
19:08 of 3rd period - Aleksander Barkov is hit by Zach Parise and loses puck.
19:15 of 3rd period - Shot by Aleksander Barkov.
19:15 of 3rd period - Stopped by Jake Oettinger with a rebound.
Goals for this period are 1 for Panthers vs 3 for Bruins.
Shots for this period are 14 for Panthers vs 11 for Bruins.